 Dungeon Crawl Stone Soup version 0.28-a0-114-g2bf3c13a2f (webtiles) character file.

Game seed: 2056805604901892759

2017 sirboomalot the Chopper (level 9, 0/61 (69) HPs)
             Began as a Demonspawn Monk on Aug 13, 2021.
             Was an Elder of Nemelex Xobeh.
             Slain by a wight (2 damage)
             ... on level 7 of the Dungeon.
             The game lasted 00:22:54 (7755 turns).

sirboomalot the Chopper (Demonspawn Monk)           Turns: 7755, Time: 00:22:56

HP:   0/61 (69)     AC: 13    Str: 20    XL:     9   Next: 3%
MP:   9/9           EV:  9    Int: 11    God:    Nemelex Xobeh [****..]
Gold: 279           SH:  4    Dex: 17    Spells: 8/8 levels left

rFire   + . .      SeeInvis +   a - +1 hand axe
rCold   . . .      Faith    .   (no shield)
rNeg    . . .      Spirit   .   v - +0 chain mail
rPois   .          Reflect  .   (helmet unavailable)
rElec   .          Harm     .   q - +0 cloak
rCorr   .          Rampage  .   f - +0 pair of gloves
Will    .....                   d - +0 pair of boots
Stlth   ..........              A - amulet of magic regeneration
HPRegen 0.20/turn               r - +6 ring of strength
MPRegen 0.36/turn               z - ring of protection from fire

@: studying Shields, heavily drained
A: antennae 3, large bone plates 1, ignite blood 1, powered by pain 1
a: Renounce Religion, Draw Escape, Draw Destruction, Draw Summoning, Triple
Draw, Deal Four


You were on level 7 of the Dungeon.
You worshipped Nemelex Xobeh.
Nemelex Xobeh was greatly pleased with you.
You visited 2 branches of the dungeon, and saw 8 of its levels.

You collected 279 gold pieces.

Inventory:

Hand Weapons
 a - a +1 hand axe (weapon)
Armour
 d - a +0 pair of boots (worn)
 f - a +0 pair of gloves (worn)
 l - a scarf of resistance
 q - a +0 cloak (worn)
 s - a scarf of repulsion
 v - a +0 chain mail (worn)
Jewellery
 r - a +6 ring of strength (left hand)
 z - a ring of protection from fire (right hand)
 A - an amulet of magic regeneration (around neck)
 C - a ring of resist corrosion
Wands
 h - a wand of charming (17)
 y - a wand of digging (7)
Scrolls
 b - 3 scrolls of amnesia
 c - 2 scrolls of teleportation
 g - a scroll of enchant armour
 k - a scroll of acquirement {unknown}
 o - a scroll of enchant weapon
 p - a scroll of silence {unknown}
 x - a scroll of magic mapping {unknown}
Potions
 e - 2 potions of might
 i - a potion of haste
 j - a potion of flight
 m - a potion of degeneration {unknown}
 n - a potion of brilliance
 u - a potion of lignification
 w - a potion of ambrosia
 B - a potion of cancellation {unknown}
 E - a potion of berserk rage


   Skills:
 + Level 6.0 Fighting
 + Level 7.9 Axes
 + Level 5.3 Armour
 + Level 4.0 Dodging
 - Level 1.7 Stealth


You had 8 spell levels left.
You didn't know any spells.
Your spell library contained the following spells:

 Spells                   Type           Power      Damage    Failure   Level
 Summon Small Mammal      Summ           0%         N/A       97%         1
 Call Canine Familiar     Summ           0%         N/A       100%        3
 Summon Guardian Golem    Hex/Summ       0%         N/A       100%        3
 Tukima's Dance           Hex            0%         N/A       100%        3
 Passage of Golubria      Tloc           N/A        N/A       100%        4
 Yara's Violent Unravell  Hex/Tmut       0%         3d3       100%        5


Dungeon Overview and Level Annotations

Branches:
Dungeon (7/15)             Temple (1/1) D:5

Altars:
Ashenzari
Dithmenos
Gozag
Kikubaaqudgha
Makhleb
Nemelex Xobeh
Okawaru
Qazlal
Ru
Sif Muna
Trog
Uskayaw
Vehumet
Xom
Yredelemnul
Zin
The Shining One


Innate Abilities, Weirdness & Mutations

You have a pair of large antennae on your head. (SInv)
You are partially covered in large bone plates. (SH +4)
Your demonic aura sometimes causes spilled blood to erupt in flames.
You sometimes gain a little power by taking damage.


Message History

You kill the kobold!
You feel sick.
You hit the kobold.
You kill the kobold!
You feel sick.
You feel sick.
Items here: ! $ (( ))))))) ? [[ †.
Okay, then.
You feel better.
You hit the wight.
The wight is lightly damaged.
The wight hits you with a +3 dire flail!
You feel drained.
You hit the wight.
The wight is heavily damaged.
The wight hits you with a +3 dire flail.
* * * LOW HITPOINT WARNING * * *
You slash the wight!
The wight is almost destroyed.
The wight hits you with a +3 dire flail.
* * * LOW HITPOINT WARNING * * *
You feel drained.
You closely miss the wight.
The wight is almost destroyed.
The wight hits you with a +3 dire flail.
* * * LOW HITPOINT WARNING * * *
You hit the wight but do no damage.
The wight is almost destroyed.
The wight hits you with a +3 dire flail.
* * * LOW HITPOINT WARNING * * *
You barely miss the wight.
The wight is almost destroyed.
The wight hits you but does no damage.
You hit the wight but do no damage.
The wight is almost destroyed.
The wight hits you with a +3 dire flail.
* * * LOW HITPOINT WARNING * * *
You feel drained.
You die...
Your body disappears without a glow.

....#
....#########
.#..........#
....#######.#
.#..# #.#
....# #.#
.#..# #.#
....#
##.#######
.>###
##.....@.# {
....###
#########z#
..........###
#.......#
....#####$#
#......##
....# #.
#........
....# #.
#.......!
....# #.
#........
....#
##.......
.[.....
......#


You could see a wight.

Vanquished Creatures
  Grinder (D:5)
  A water moccasin (D:6)
  Duvessa (D:5)
  An ice beast (D:5)
  A black bear (D:6)
  2 ogres
  Blork the orc (D:4)
  2 kobold brigands (D:7)
  A wyvern zombie (D:6)
  Dowan (D:5)
  A wyvern skeleton (D:6)
  2 wights (D:7)
  6 hounds
  A jelly (D:5)
  4 orc priests
  A bullfrog skeleton (D:5)
  2 iguanas
  3 orc wizards
  A killer bee zombie (D:6)
  A hound skeleton (D:5)
  A howler monkey zombie (D:6)
  9 gnolls
  4 adders
  A white imp (D:5)
  A worm (D:3)
  A dart slug (D:3)
  6 orcs
  11 ball pythons
  2 endoplasms
  2 giant cockroaches
  13 goblins
  3 hobgoblins (D:1)
  4 quokkas
  6 bats
  3 frilled lizards
  15 kobolds
  6 rats
122 creatures vanquished.

Vanquished Creatures (collateral kills)
  An ogre (D:6)
  A jelly (D:6)
  A gnoll shaman (D:5)
  Robin (D:3)
  An adder (D:3)
  4 goblins (D:3)
  3 hobgoblins (D:3)
  2 jackals (D:4)
14 creatures vanquished.

Vanquished Creatures (others)
  5 plants
5 creatures vanquished.

Grand Total: 141 creatures vanquished

Notes
Turn   | Place    | Note
-------+----------+-------------------------------------------
     0 | D:1      | sirboomalot the Demonspawn Monk began the quest for the
                  | Orb.
     0 | D:1      | Reached XP level 1. HP: 18/18 MP: 1/1
   377 | D:1      | Gained mutation: You have a pair of small antennae on your
                  | head. [demonic ancestry]
   377 | D:1      | Reached XP level 2. HP: 21/24 MP: 2/2
   520 | D:1      | Reached skill level 3 in Axes
   752 | D:1      | Found a faded altar of an unknown god.
   769 | D:1      | Became a worshipper of Nemelex Xobeh the Trickster
   769 | D:1      | Reached * piety under Nemelex Xobeh
   769 | D:1      | Received a gift from Nemelex Xobeh
   769 | D:1      | Reached ** piety under Nemelex Xobeh
   769 | D:1      | Received a gift from Nemelex Xobeh
  1285 | D:2      | Reached *** piety under Nemelex Xobeh
  1285 | D:2      | Received a gift from Nemelex Xobeh
  1328 | D:2      | Reached XP level 3. HP: 29/29 MP: 3/3
  1663 | D:3      | Noticed Jessica
  1667 | D:3      | Noticed Jessica
  1667 | D:3      | Jessica changed into Jessica the adder
  1670 | D:3      | Killed Jessica the adder
  1736 | D:3      | Noticed Sigmund
  1738 | D:3      | Noticed Sigmund
  1738 | D:3      | Sigmund changed into Sigmund the hound
  1764 | D:3      | Killed Sigmund the hound
  1765 | D:3      | Reached skill level 1 in Armour
  1765 | D:3      | Gained mutation: You sometimes gain a little power by
                  | taking damage. [demonic ancestry]
  1765 | D:3      | Reached XP level 4. HP: 29/36 MP: 4/4
  1839 | D:3      | Noticed Robin
  1847 | D:3      | Killed Robin
  2341 | D:3      | Found a stormy altar of Qazlal.
  2342 | D:3      | Found an iron altar of Okawaru.
  2633 | D:3      | Found a radiant altar of Vehumet.
  2707 | D:4      | Noticed Blork the orc
  2731 | D:4      | HP: 1/37 [Blork the orc (4)]
  2737 | D:4      | Killed Blork the orc
  2738 | D:4      | Reached skill level 4 in Axes
  2738 | D:4      | Reached XP level 5. HP: 12/42 MP: 5/5
  3032 | D:4      | Noticed an ogre
  3047 | D:4      | Killed an ogre
  3314 | D:4      | Gained mutation: Your demonic aura sometimes causes spilled
                  | blood to erupt in flames. [demonic ancestry]
  3314 | D:4      | Reached XP level 6. HP: 32/48 MP: 6/6
  3487 | D:4      | Received a gift from Nemelex Xobeh
  3646 | D:4      | Found a sparkling altar of Nemelex Xobeh.
  3886 | D:4      | Found a bloodstained altar of Trog.
  4156 | D:5      | Entered Level 5 of the Dungeon
  4167 | D:5      | Noticed Dowan
  4168 | D:5      | Noticed Duvessa
  4177 | D:5      | Killed Duvessa
  4178 | D:5      | Reached skill level 5 in Axes
  4199 | D:5      | Killed Dowan
  4200 | D:5      | Gained mutation: You have a pair of antennae on your head.
                  | [demonic ancestry]
  4200 | D:5      | Reached XP level 7. HP: 42/55 MP: 7/7
  4387 | D:5      | Found a large runed translucent door.
  4388 | D:5      | Found a large runed translucent door.
  4712 | D:5      | Noticed Grinder
  4724 | D:5      | Killed Grinder
  5043 | D:5      | Reached skill level 5 in Fighting
  5043 | D:5      | Reached skill level 6 in Axes
  5202 | D:5      | Found a staircase to the Ecumenical Temple.
  5211 | Temple   | Entered the Ecumenical Temple
  5653 | D:5      | Gained mutation: You have a pair of large antennae on your
                  | head. (SInv) [demonic ancestry]
  5653 | D:5      | Reached XP level 8. HP: 41/62 MP: 8/8
  6243 | D:5      | Found a basalt altar of Yredelemnul.
  6369 | D:5      | Found a broken altar of Ashenzari.
  6965 | D:6      | Reached skill level 7 in Axes
  7043 | D:6      | Reached skill level 5 in Armour
  7572 | D:7      | Reached **** piety under Nemelex Xobeh
  7741 | D:7      | Gained mutation: You are partially covered in large bone
                  | plates. (SH +4) [demonic ancestry]
  7741 | D:7      | Reached XP level 9. HP: 28/65 MP: 9/9
  7755 | D:7      | HP: 2/63 [wight (4)]
  7755 | D:7      | Slain by a wight

Illustrated notes

Levels and vault maps discovered:
D:1:      amcnicky_arrival_feature_with_door, layout_rooms,
          shapermc_ecumenical_altar_ellora, st_stairs_9, minmay_crystal_room,
          hex_large
D:2:      layout_basic
D:3:      layout_rooms, mainiacjoe_overflow_alcove_2,
          chequers_temple_overflow_statue_of_worship, uniq_sigmund, uniq_robin,
          uniq_jessica
D:4:      layout_rooms, nemelex_diamond_rough_becter,
          mainiacjoe_overflow_concentric_impassable, minmay_liquid_box,
          minmay_misc_feat_five, eino_tiny_chamber, uniq_blork_the_orc
D:5:      layout_loops_ring, jmf_multi_god_temple2, lemuel_temple_firewalk_b,
          uniq_duvessa, uniq_grinder
D:6:      layout_basic
D:7:      layout_rooms, mainiacjoe_overflow_boulevard, serial_co_window_serial,
          co_window_paths_b, co_window_of_opportunity_a, co_window_paths_b,
          co_window_paths_b, co_window_paths_a, co_window_paths_a,
          co_window_paths_b, co_window_broadway_c, co_window_2corner,
          co_window_of_opportunity_c, co_window_corner_b, co_window_sun,
          glass_columns_a, glass_columns_c, glass_columns_b, glass_columns_a,
          glass_columns_a
Temple:   compressed_dpeg_triangle_lava_temple

Skill      XL: |  1  2  3  4  5  6  7  8 |
---------------+-------------------------+-----
Axes           | 3 4 5 6 7 |  7.9
Dodging        | 3 4 |  4.0
Armour         | 1 2 4 5 |  5.3
Fighting       | 4 5 6 |  6.0
Stealth        | |  1.7

Action                   |  1- 3 |  4- 6 |  7- 9 || total
-------------------------+-------+-------+-------++-------
Melee: Hand axe          |   130 |   161 |   311 ||   602
Invok: Draw Destruction  |     3 |     6 |     3 ||    12
       Draw Summoning    |       |     2 |     2 ||     4
  Use: Scroll            |     5 |     2 |     2 ||     9
       Potion            |       |     3 |     3 ||     6
 Stab: Sleeping          |     2 |     2 |       ||     4
       Distracted        |       |     1 |       ||     1
Armor: Robe              |    10 |       |       ||    10
       Leather armour    |    33 |    12 |       ||    45
       Ring mail         |       |    11 |       ||    11
       Chain mail        |       |    30 |   141 ||   171
Dodge: Dodged            |   113 |    71 |   138 ||   322
       Repelled          |       |     3 |     6 ||     9

Table legend: (Time is in decaauts)
 A = Elapsed time spent in this place.
 B = Non-inter-level travel time spent in this place.
 C = Inter-level travel time spent in this place.
 D = Time resting spent in this place.
 E = Time spent auto-exploring this place.
 F = Levels seen in this place.
 G = Mean time per level.
                   A        B        C        D        E       F      G
               +--------+--------+--------+--------+--------+-----+--------+
         Total |   7760 |   7674 |     86 |    299 |   6054 |   8 |  970.0 |
       Dungeon |   7485 |   7413 |     72 |    299 |   5793 |   7 | 1069.3 |
        Temple |    275 |    261 |     14 |      0 |    261 |   1 |  275.0 |
               +--------+--------+--------+--------+--------+-----+--------+

Top non-repeatable levels by time:
     D:5: 1972 daAuts
     D:4: 1496 daAuts
     D:6: 1024 daAuts
     D:3: 1017 daAuts
     D:1: 955 daAuts
     D:2: 717 daAuts
     D:7: 302 daAuts
  Temple: 275 daAuts
